[ AOE2 MATCH · #478644427 ]
UnrankedArmenians vs Cumans
[ REPLAY ANALYSIS · EXTRACTED FROM THE RECORDED GAME ]
Feudal
—
Castle
—
Imperial
—
| APM avg | 19.2 |
| APM peak | 16 |
| eAPM avg | 12.0 |
| Villagers / military | 0 / 0 |
Focus
⚔️ 0.0% · 🌾 100.0%
Feudal
—
Castle
—
Imperial
—
| APM avg | 10.8 |
| APM peak | 9 |
| eAPM avg | 10.8 |
| Villagers / military | 0 / 0 |
Feudal
—
Castle
—
Imperial
—
| APM avg | 16.8 |
| APM peak | 14 |
| eAPM avg | 15.6 |
| Villagers / military | 4 / 0 |
Focus
⚔️ 0.0% · 🌾 100.0%
Feudal
—
Castle
—
Imperial
—
| APM avg | 15.6 |
| APM peak | 13 |
| eAPM avg | 14.4 |
| Villagers / military | 4 / 0 |
Focus
⚔️ 25.0% · 🌾 75.0%
Feudal
—
Castle
—
Imperial
—
| APM avg | 25.3 |
| APM peak | 21 |
| eAPM avg | 12.0 |
| Villagers / military | 2 / 0 |
Focus
⚔️ 0.0% · 🌾 100.0%
Feudal
—
Castle
—
Imperial
—
| APM avg | 43.3 |
| APM peak | 36 |
| eAPM avg | 25.3 |
| Villagers / military | 5 / 0 |
Focus
⚔️ 7.7% · 🌾 92.3%
Feudal
—
Castle
—
Imperial
—
| APM avg | 25.3 |
| APM peak | 21 |
| eAPM avg | 13.2 |
| Villagers / military | 4 / 0 |
Focus
⚔️ 0.0% · 🌾 100.0%
Feudal
—
Castle
—
Imperial
—
| APM avg | 21.6 |
| APM peak | 18 |
| eAPM avg | 10.8 |
| Villagers / military | 4 / 0 |
Focus
⚔️ 0.0% · 🌾 100.0%
Match map
Initial resources + every placement click. Lines = walls · curves = elevation contours. ◆ gold · ⬟ stone · ● berries · ✦ relic · ◌ wall gap
Your base
MacK_Attack's base
Miles_WithFriends's base
itataly92's base
reticall's base
JahArmy's base
mat90's base
KinGus's base
Smoothed initial terrain · ◌ = detected wall gap · hover for details
Inputs per minute
— mdinusha88 - - MacK_Attack
Build order — mdinusha88
2 actions detected in the replay
| 0:06 | Build | House |
| 0:08 | Build | House |
Build order — MacK_Attack
0 actions detected in the replay
Build order — Miles_WithFriends
6 actions detected in the replay
| 0:03 | Create | Villager (Male) |
| 0:03 | Create | Villager (Male) |
| 0:04 | Create | Villager (Male) |
| 0:04 | Create | Villager (Male) |
| 0:05 | Build | House |
| 0:06 | Build | House |
Build order — itataly92
8 actions detected in the replay
| 0:04 | Create | Villager (Male) |
| 0:04 | Create | Villager (Male) |
| 0:05 | Create | Villager (Male) |
| 0:05 | Create | Villager (Male) |
| 0:06 | Research | Loom |
| 0:08 | Build | House |
| 0:16 | Build | Palisade Wall |
| 0:27 | Build | Palisade Gate |
Build order — reticall
4 actions detected in the replay
| 0:01 | Create | Villager (Male) |
| 0:01 | Create | Villager (Male) |
| 0:02 | Build | House |
| 0:03 | Build | House |
Build order — JahArmy
7 actions detected in the replay
| 0:01 | Create | Villager (Male) |
| 0:01 | Create | Villager (Male) |
| 0:02 | Create | Villager (Male) |
| 0:02 | Create | Villager (Male) |
| 0:03 | Build | House |
| 0:05 | Build | House |
| 0:28 | Create | Villager (Male) |
Build order — mat90
6 actions detected in the replay
| 0:01 | Create | Villager (Male) |
| 0:02 | Create | Villager (Male) |
| 0:02 | Create | Villager (Male) |
| 0:02 | Create | Villager (Male) |
| 0:04 | Build | House |
| 0:06 | Build | House |
Build order — KinGus
5 actions detected in the replay
| 0:03 | Research | Loom |
| 0:05 | Build | House |
| 0:08 | Build | House |
| 0:09 | Build | House |
| 0:15 | Create | Villager (Male) ×4 |
Match timeline
| 0:16 | itataly92 · wall_segment Palisade Wall x10 |
| 0:16 | MacK_Attack · resign |
[ AI ANALYSIS · 1 CREDIT ]
What really happened in this match?
Wolo.gg analyzes every decision: build order, eco, micro, common mistakes by bracket. Personalized analysis on WhatsApp or Discord in 30 seconds.
Civ guide
Armenians
Perfil
Jugador #418430